 Dungeon Crawl Stone Soup version bcrawl-1.40.3b (webtiles) character file.

Game seed: 9641476450794145630

238978 Galewind the Destroyer (level 9, -7/48 HPs)
             Began as an Avariel Conjurer on Mar 14, 2024.
             Was an Initiate of Vehumet.
             Mangled by an orc warrior
             ... wielding a +0 long sword
              (18 damage)
             ... on level 7 of the Dungeon.
             The game lasted 00:05:11 (6791 turns).

Galewind the Destroyer (Avariel Conjurer)           Turns: 6791, Time: 00:05:12

Health: -7/48      AC:  3    Str:  6    XL:     9   Next: 31%
Magic:  4/24       EV: 16    Int: 30    God:    Vehumet [......]
Gold:   160        SH:  0    Dex: 13    Spells: 20/26 levels left

rFire    . . .     GDR:     25% n - +1 dagger (protect)
rCold    . . .     SeeInvis .   (no shield)
rNeg     . . .     Gourm    .   a - +0 robe
rPois    +         Faith    +   (no helmet)
rElec    .         Spirit   .   (no cloak)
rCorr    +         Reflect  .   (no gloves)
MR       .....                  r - +0 pair of boots (curse)
Stlth    ++........             y - amulet of faith
HPRegen  0.18/turn              p - ring of resist corrosion
MPRegen  0.19/turn              u - ring "Lenigysa" {rPois Int+5}

@: flying quickly and evasively, quick
A: able to fly
a: Stop Flying, Renounce Religion


You were on level 7 of the Dungeon.
You worshipped Vehumet.
Vehumet was noncommittal.
You were not hungry.

You visited 2 branches of the dungeon, and saw 8 of its levels.

You collected 479 gold pieces.
You spent 319 gold pieces at shops.

Inventory:

Hand Weapons
 n - a +1 dagger of protection (weapon)
Armour
 a - a +0 robe (worn)
 r - a cursed +0 pair of boots (worn)
Jewellery
 p - a ring of resist corrosion (left hand)
 u - the ring "Lenigysa" (right hand) {rPois Int+5}
   (You bought it in a shop on level 4 of the Dungeon)

   [ring of intelligence]

   It affects your intelligence (+5).
   It protects you from poison.
 y - an amulet of faith (around neck)
Wands
 x - a wand of clouds (5)
 z - a wand of iceblast (9)
Scrolls
 b - 6 scrolls of teleportation
 g - a scroll of enchant weapon
 i - a scroll of silence {unknown}
 j - 4 scrolls of remove curse
 l - 4 scrolls of enchant armour
 m - 2 scrolls of immolation {unknown}
 t - 2 scrolls of noise {unknown}
 v - a scroll of revelation {unknown}
 w - a scroll of blinking {unknown}
 A - a scroll of amnesia {unknown}
Potions
 c - 2 potions of agility
 d - 6 potions of curing
 f - a potion of mutation
 h - a potion of berserk rage
 k - a potion of might
 o - 2 potions of cancellation
 q - a potion of lignification {unknown}
 s - a potion of haste {unknown}
Comestibles
 e - 7 rations {!d}


   Skills:
 + Level 2.1 Fighting
 + Level 4.4 Dodging
 - Level 2.1 Stealth
 + Level 9.4 Spellcasting
 + Level 11.7 Conjurations


You had 20 spell levels left.
You knew the following spells:

 Your Spells              Type           Power        Failure   Level  Hunger
a - Magic Dart            Conj           ####         1%          1    None
b - Searing Ray           Conj           ######..     1%          2    None
c - Iskenderun's Mystic   Conj           ######..     1%          3    None

Your spell library contained the following spells:

 Spells                   Type           Power        Failure   Level  Hunger
 Apportation              Tloc           ##....       3%          1    None
 Summon Butterflies       Summ           ##......     3%          1    None
 Fulminant Prism          Conj/Hex       #####.....   3%          4    ##.....
 Irradiate                Conj/Tmut      #####.....   10%         5    ####...
 Beckoning                Tloc           ##........   11%         3    None
 Tukima's Dance           Hex            ##......     11%         3    None
 Deflect Missiles         Chrm/Air       ##........   99%         6    #####..
 Invisibility             Hex            ##......     99%         6    #####..


Dungeon Overview and Level Annotations

Branches:
Dungeon (7/12)             Temple (1/1) D:6
   Lair: D:7-9

Altars:
Ashenzari
Cheibriados
Dithmenos
Elyvilon
Fedhas
Gozag
Hepliaklqana
Kikubaaqudgha
Lugonu
Makhleb
Nemelex Xobeh
Okawaru
Qazlal
Ru
Sif Muna
Trog
Uskayaw
Vehumet
Wu Jian
Xom
Yredelemnul
Zin
The Shining One

Shops:
D:4 =


Innate Abilities, Weirdness & Mutations

You can fly continuously.


Message History

The orb of energy hits the orc warrior.
The orc warrior is moderately wounded.
The orc warrior misses you.
Casting: Iskenderun's Mystic Blast (safe; 1% risk of failure)
Confirm with . or Enter, or press ? or * to list all spells.
Aiming: Iskenderun's Mystic Blast (safe; 1% risk of failure)
Press: ? - help, Shift-Dir - straight line, f/p - orc warrior
Aim: an orc warrior, wielding a +0 long sword and wearing a +0 plate armour (moderately wounded)
The orb of energy hits the orc warrior!
The orc warrior is almost dead.
The orc warrior hits you with a +0 long sword!
* * * LOW HITPOINT WARNING * * *
Casting: Iskenderun's Mystic Blast (safe; 1% risk of failure)
Confirm with . or Enter, or press ? or * to list all spells.
Aiming: Iskenderun's Mystic Blast (safe; 1% risk of failure)
Press: ? - help, Shift-Dir - straight line, f/p - orc warrior
Aim: an orc warrior, wielding a +0 long sword and wearing a +0 plate armour (almost dead)
The orb of energy misses the orc warrior.
The orc warrior hits you with a +0 long sword!!
You die...

#.........##........
#........####...###.#
#........# .......#.
#.##..##.# ........ #.
##.##Z# ###...### #.
#.##†# ##......
#.###.##.######.......
#........##.##........
#####@.##..#..........
##.o..###..........
####.......+..........
#........###.........#
#.###..#.# ##.......##
#.# #)##.# ##.....##
#.###.##.# #....##
#.##)).#.# ##.+##
#.##..##.# #..##


You could see an orc warrior.

Vanquished Creatures
  Grinder (D:2)
  A hungry ghost (D:6)
  A steam dragon (D:6)
  A crocodile (D:6)
  A hornet zombie (D:7)
  2 ice beasts
  5 ogres
  A centaur (D:5)
  2 water moccasin zombies
  2 scorpions
  A howler monkey (D:3)
  2 crimson imps
  A hound (D:6)
  An orc wizard (D:3)
  6 worker ants
  Natasha (thrice) (D:2)
  A hound zombie (D:3)
  A worker ant zombie (D:5)
  7 adders
  3 gnolls (D:7)
  2 oozes
  An adder skeleton (D:5)
  5 worms
  3 dart slugs
  4 leopard geckos
  13 orcs
  6 bats
  7 giant cockroaches
  4 goblins
  5 hobgoblins
  5 jackals
  6 kobolds
  5 quokkas
  A ball python (D:1)
  A ball python skeleton (D:4)
  A frilled lizard (D:5)
  A quokka zombie (D:5)
  2 rats (D:1)
115 creatures vanquished.

Vanquished Creatures (others)
  A jackal (D:3)
1 creature vanquished.

Grand Total: 116 creatures vanquished

Notes
Turn   | Place    | Note
-------+----------+-------------------------------------------
     0 | D:1      | Galewind the Avariel Conjurer began the quest for the Orb.
     0 | D:1      | Reached XP level 1. HP: 10/10 MP: 6/6
   110 | D:1      | Reached XP level 2. HP: 15/15 MP: 3/7
   557 | D:1      | Reached skill level 6 in Conjurations
   845 | D:1      | Learned a level 2 spell: Searing Ray
  1007 | D:2      | Reached XP level 3. HP: 19/19 MP: 7/9
  1563 | D:2      | Reached XP level 4. HP: 24/24 MP: 4/10
  1692 | D:2      | Learned a level 3 spell: Iskenderun's Mystic Blast
  1706 | D:3      | Reached skill level 7 in Conjurations
  1801 | D:3      | Noticed Natasha
  1930 | D:2      | Killed Natasha
  1931 | D:2      | Reached XP level 5. HP: 17/28 MP: 5/12
  2022 | D:3      | Noticed Grinder
  2121 | D:2      | Noticed Natasha
  2131 | D:2      | Killed Natasha
  2137 | D:2      | Noticed Natasha
  2289 | D:2      | Killed Natasha
  2290 | D:2      | Reached skill level 8 in Conjurations
  2331 | D:2      | HP: 1/28 [Grinder (2)]
  2332 | D:2      | Killed Grinder
  2333 | D:2      | Reached skill level 1 in Fighting
  2333 | D:2      | Reached XP level 6. HP: 1/34 MP: 7/14
  2523 | D:3      | Reached XP level 7. HP: 38/38 MP: 8/16
  2548 | D:3      | Reached skill level 9 in Conjurations
  2639 | D:3      | Reached skill level 5 in Spellcasting
  3577 | D:4      | Found Susyiran's Jewellery Boutique.
  3589 | D:4      | Bought the ring "Lenigysa" {rPois Int+5} for 319 gold
                  | pieces
  3915 | D:5      | Entered Level 5 of the Dungeon
  4087 | D:5      | Reached XP level 8. HP: 43/43 MP: 9/19
  4174 | D:5      | Reached skill level 10 in Conjurations
  4925 | D:6      | Reached skill level 11 in Conjurations
  5318 | D:6      | Found a staircase to the Ecumenical Temple.
  5335 | D:6      | Gained mutation: You can fly continuously. [Avariel growth]
  5335 | D:6      | Reached XP level 9. HP: 48/48 MP: 19/23
  5426 | D:6      | Found an opulent altar of Gozag.
  5430 | D:6      | Found a shattered altar of Ashenzari.
  5441 | D:6      | Found an iron altar of Okawaru.
  5783 | Temple   | Entered the Ecumenical Temple
  6329 | Temple   | Became a worshipper of Vehumet
  6791 | D:7      | Mangled by an orc warrior

Skill      XL: |  1  2  3  4  5  6  7  8  9 |
---------------+----------------------------+-----
Conjurations   | 6 7 8 9 11 | 11.7
Spellcasting   | 3 4 6 8 9 |  9.4
Fighting       | 1 2 |  2.1
Dodging        | 3 4 |  4.4
Stealth        | |  2.1

Action                   |  1- 3 |  4- 6 |  7- 9 || total
-------------------------+-------+-------+-------++-------
Melee: Dagger            |       |    13 |     4 ||    17
 Cast: Magic Dart        |    50 |     7 |    45 ||   102
       Searing Ray       |     4 |     8 |     5 ||    17
       Iskenderun's Myst |       |    14 |    79 ||    93
Evoke: Wand              |       |       |     1 ||     1
  Use: Potion            |       |     2 |       ||     2
       Scroll            |       |       |     9 ||     9
  Eat: Chunk             |     2 |     7 |    13 ||    22
       Ration            |       |       |     1 ||     1
Armor: Robe              |       |     7 |     3 ||    10
Dodge: Dodged            |       |    57 |    36 ||    93
